 Dungeon Crawl Stone Soup version 0.29-a0-322-g68df515428 (webtiles) character file.

Game seed: 9433842718636292616

64 GigaChad the Skirmisher (level 3, -2/29 HPs)
             Began as a Demonspawn Chaos Knight on Apr 8, 2022.
             Was a Plaything of Xom.
             Slain by a worm (9 damage)
             ... on level 2 of the Dungeon.
             The game lasted 00:03:21 (723 turns).

GigaChad the Skirmisher (Demonspawn Chaos Knight)    Turns: 723, Time: 00:03:22

Health: -2/29      AC:  6    Str: 12    XL:     3   Next: 91%
Magic:  3/3        EV: 12    Int: 13    God:    Xom [....*.]
Gold:   106        SH:  0    Dex: 14    Spells: 2/2 levels left

rFire   . . .      SeeInvis .   a - +0 falchion (chaos)
rCold   . . .      Faith    .   (no shield)
rNeg    . . .      Spirit   .   j - +1 ring mail of Yhofopai {rCorr}
rPois   .          Reflect  .   (no helmet)
rElec   .          Harm     .   (no cloak)
rCorr   +          Rampage  .   (no gloves)
Will    .....                   (no boots)
Stlth   +.........              (no amulet)
HPRegen 0.09/turn               (no ring)
MPRegen 0.08/turn               (no ring)

@: no status effects
A: repulsion field 1
a: Renounce Religion


You were on level 2 of the Dungeon.
You worshipped Xom.
You were a beloved toy of Xom.
You visited 1 branch of the dungeon, and saw 2 of its levels.

You collected 106 gold pieces.

Inventory:

Hand Weapons
 a - a +0 falchion of chaos (weapon)
 l - a +0 halberd
 m - a +0 halberd
 n - the +4 trident "Koyr" {protect, rElec Str+6 Dex+4}
   (You found it on level 2 of the Dungeon)

   It grants its wielder temporary protection when it strikes (+7 to AC).
   Str:       It affects your strength (+6).
   Dex:       It affects your dexterity (+4).
   rElec:     It insulates you from electricity.
Armour
 b - a +2 leather armour
 j - the +1 ring mail of Yhofopai (worn) {rCorr}
   (You found it on level 2 of the Dungeon)

   rCorr:     It protects you from acid and corrosion.
Scrolls
 d - a scroll of teleportation {unknown}
 e - a scroll of immolation {unknown}
 f - a scroll of blinking {unknown}
 g - a scroll of vulnerability {unknown}
 k - a scroll of summoning {unknown}
Potions
 h - a potion of resistance {unknown}
 i - a potion of might {unknown}
Miscellaneous
 c - a piece from Xom's chessboard (15/15) (quivered)


   Skills:
 + Level 3.6 Fighting
 + Level 3.4 Long Blades
 + Level 2.2 Armour
 + Level 1.4 Dodging
 + Level 0.2 Stealth


You had 2 spell levels left.
You didn't know any spells.
Your spell library was empty.

Dungeon Overview and Level Annotations

Branches:
Dungeon (2/15)

Altars:

Shops:
D:1 ([


Innate Abilities, Weirdness & Mutations

You are surrounded by a mild repulsion field. (EV +2)


Message History

The jackal is almost dead.
The jackal bites you.
You barely miss the jackal.
The jackal is almost dead.
The jackal bites you but does no damage.
The jackal completely misses you.
You barely miss the jackal.
The jackal is almost dead.
The jackal closely misses you. The jackal completely misses you.
You closely miss the jackal.
The jackal is almost dead.
The jackal completely misses you. The jackal attacks as you move away!
The jackal bites you but does no damage.
You hit the jackal. You freeze the jackal.
You kill the jackal!
The worm bites you.
You see here a jackal corpse.
You hit the worm but do no damage. You hit the worm.
The worm goes berserk!
Xom thinks this is hilarious!
The worm is lightly wounded.
The worm barely misses you.
You barely miss the worm.
The worm is lightly wounded.
The worm bites you!
* * * LOW HITPOINT WARNING * * *
You slash the worm! You burn the worm.
The worm is heavily wounded.
The worm barely misses you.
You hit the worm.
The worm appears confused.
The worm is heavily wounded.
The worm bites you but does no damage.
You hit the worm but do no damage.
The worm is moving more slowly.
The worm is moderately wounded.
You catch the helpless worm completely off-guard!
You hit the worm but do no damage.
The worm seems to grow stronger.
The worm is moderately wounded.
The worm bites you!
You die...

.......# #..#
#.####.###..#### #.#
.... ....##. #.# #..##
#..... #.###..# #....
#.....# #..##
##..########...##
....)........#..#####...
##.#####........@w......
#.### #.######.<####...
#...###.# ##.# ###.##..#
#... ####.#..### ##>..
#..†......# #$...
#.........# ...|
#..[......# ....
###########


You could see a worm (berserk, strong, confused, petrifying).

Vanquished Creatures
  3 gnolls (D:2)
  2 ball pythons (D:1)
  An endoplasm (D:2)
  A giant cockroach (D:1)
  2 goblins (D:2)
  2 hobgoblins
  2 jackals (D:2)
  6 kobolds
  2 bats (D:2)
  2 rats (D:2)
23 creatures vanquished.

Vanquished Creatures (collateral kills)
  A gnoll (D:2)
1 creature vanquished.

Vanquished Creatures (others)
  An endoplasm (D:2)
  5 plants (D:2)
6 creatures vanquished.

Grand Total: 30 creatures vanquished

Notes
Turn   | Place    | Note
-------+----------+-------------------------------------------
     0 | D:1      | GigaChad the Demonspawn Chaos Knight began the quest for
                  | the Orb.
     0 | D:1      | Reached XP level 1. HP: 18/18 MP: 1/1
    59 | D:1      | XOM: silly message
    98 | D:1      | XOM: silly message
   112 | D:1      | Found Ziyhux's Armour Boutique.
   199 | D:1      | Found Irchyxua's Antique Weapon Boutique.
   225 | D:1      | Gained mutation: You are surrounded by a mild repulsion
                  | field. (EV +2) [demonic ancestry]
   225 | D:1      | Reached XP level 2. HP: 14/24 MP: 2/2
   246 | D:1      | Reached skill level 1 in Dodging
   255 | D:1      | XOM: silly message
   337 | D:1      | XOM: silly message
   447 | D:2      | Identified the +1 ring mail of Yhofopai {rCorr}
   532 | D:2      | XOM: summons 2 friendly demons
   563 | D:2      | Reached XP level 3. HP: 29/29 MP: 3/3
   605 | D:2      | Identified the +4 trident "Koyr" {protect, rElec Str+6
                  | Dex+4}
   723 | D:2      | Slain by a worm

Illustrated notes

Levels and vault maps discovered:
D:1:      dpeg_arrival_tiny_f, layout_rooms, serial_shops,
          nicolae_shop_statue_plus, shop_fountains
D:2:      minmay_chambers_of_ones, layout_rooms, lexackson_kobold_supper

Skill      XL: |  1  2 |
---------------+-------+-----
Dodging        | 1 |  1.4
Long Blades    | 3 |  3.4
Armour         | 2 |  2.2
Fighting       | |  3.6
Stealth        | |  0.2

Action                   || total
-------------------------++-------
Melee: Falchion          ||    77
       Punch             ||     1
       Trident           ||     3
 Stab: Petrifying        ||     1
Armor: Leather armour    ||    26
       Ring mail         ||    11
Dodge: Dodged            ||    69

Table legend: (Time is in decaauts)
 A = Elapsed time spent in this place.
 B = Non-inter-level travel time spent in this place.
 C = Inter-level travel time spent in this place.
 D = Time resting spent in this place.
 E = Time spent auto-exploring this place.
 F = Levels seen in this place.
 G = Mean time per level.
                   A        B        C        D        E       F      G
               +--------+--------+--------+--------+--------+-----+--------+
         Total |    733 |    733 |      0 |      0 |     46 |   2 |  366.5 |
       Dungeon |    733 |    733 |      0 |      0 |     46 |   2 |  366.5 |
               +--------+--------+--------+--------+--------+-----+--------+

Top non-repeatable levels by time:
     D:1: 392 daAuts
     D:2: 341 daAuts
